 Dungeon Crawl Stone Soup version 0.24.1-14-gf8d2b509d9 (webtiles) character file.

Game seed: 12040829768199946056, levelgen mode: deterministic

102 Lauz the Slasher (level 4, 0/26 HPs)
             Began as a Tengu Gladiator on May 25, 2020.
             Succumbed to an adder's poison
             ... on level 2 of the Dungeon.
             The game lasted 00:03:36 (1470 turns).

Lauz the Slasher (Tengu Gladiator)                  Turns: 1470, Time: 00:03:36

Health: 0/26       AC:  4    Str: 20    XL:     4   Next: 78%
Magic:  5/5        EV: 14    Int:  9    God:
Gold:   65         SH:  0    Dex: 15    Spells: 3/3 levels left

rFire    . . .     SeeInvis .   a - +0 long sword
rCold    . . .     Gourm    .   (no shield)
rNeg     . . .     Faith    .   b - +0 leather armour
rPois    .         Spirit   .   c - +0 hat
rElec    .         Reflect  .   r - +0 cloak
rCorr    .         Harm     .   (no gloves)
MR       .....                  (boots unavailable)
Stlth    ++........             (no amulet)
HPRegen  0.08/turn              (no ring)
MPRegen  0.09/turn              (no ring)

@: mighty, lethally poisoned (0 -> -8), very slightly contaminated, invisible
A: beak, talons 3
a: no special abilities


You were on level 2 of the Dungeon.
You were not hungry.

You visited 1 branch of the dungeon, and saw 2 of its levels.

You collected 65 gold pieces.

Inventory:

Hand Weapons
 a - a +0 long sword (weapon)
Missiles
 d - 3 throwing nets (quivered)
Armour
 b - a +0 leather armour (worn)
 c - a +0 hat (worn)
 k - a +0 pair of boots
 p - a scarf of spirit shield
 r - a +0 cloak (worn)
Scrolls
 h - a scroll of noise {unknown}
 l - a scroll of identify
 m - a scroll of enchant weapon
 o - a scroll of fear {unknown}
Potions
 j - a potion of berserk rage
Comestibles
 f - 2 rations


   Skills:
 + Level 2.3 Fighting
 + Level 4.4 Long Blades
 - Level 2.0 Throwing
 + Level 2.0 Armour
 + Level 3.9 Dodging
 + Level 1.2 Stealth


You had 3 spell levels left.
You didn't know any spells.
Your spell library was empty.

Dungeon Overview and Level Annotations

Branches:
Dungeon (2/15)

Altars:


Innate Abilities, Weirdness & Mutations

You have a beak for a mouth.
You have claws for feet.


Message History

You are very lightly contaminated with residual magic.
It was a potion of might.
You feel very mighty all of a sudden.
* * * LOW HITPOINT WARNING * * *
You feel sick.
It was a potion of magic.
Magic courses through your body.
* * * LOW HITPOINT WARNING * * *
You feel sick.
As you read the scroll labeled ELUPPO UTAUMYA, it crumbles to dust.
It is a scroll of amnesia.
You feel forgetful for a moment.
* * * LOW HITPOINT WARNING * * *
You feel sick.
Okay, then.
Okay, then.
You eat one of the 3 rations.
That ration really hit the spot!
As you read the scroll labeled MEEC DYJIEL, it crumbles to dust.
It is a scroll of identify.
m - a scroll of enchant weapon You die...

#.# #.# #.#
#.####.#
#.########
....##.#
#........#
#.#.##.#
########.#
#.#.##.#######
..#.#
#.#...........
#.#.#
#.####.#######
#.#.# .(>....#
#.###.#.##
#.###..#
#..@..#..#####.#
#.###..#
#####..........#
...##..#
####.####..#
.......# #.#
...###...... ..#
.(## #..#### #.#
### .... #!#
..### #.# ####.
..# #.#


There were no monsters in sight!

Vanquished Creatures
  Crazy Yiuf (D:2)
  Terence (D:2)
  An adder (D:2)
  A worm (D:2)
  A dart slug (D:1)
  5 leopard geckos
  3 bats
  A giant cockroach (D:1)
  A goblin (D:1)
  2 hobgoblins (D:1)
  4 jackals (D:1)
  A ball python (D:1)
  3 frilled lizards (D:1)
  2 kobolds (D:1)
  7 rats (D:1)
34 creatures vanquished.

Notes
Turn   | Place    | Note
-------+----------+-------------------------------------------
     0 | D:1      | Lauz the Tengu Gladiator began the quest for the Orb.
     0 | D:1      | Reached XP level 1. HP: 12/12 MP: 2/2
   264 | D:1      | Reached XP level 2. HP: 17/17 MP: 3/3
   507 | D:1      | Reached skill level 1 in Armour
   535 | D:1      | Reached XP level 3. HP: 20/21 MP: 4/4
   994 | D:2      | Noticed Terence
  1023 | D:2      | Killed Terence
  1023 | D:2      | Reached skill level 4 in Long Blades
  1023 | D:2      | Reached skill level 1 in Stealth
  1023 | D:2      | Reached XP level 4. HP: 11/26 MP: 3/5
  1350 | D:2      | Found a runed translucent door.
  1351 | D:2      | Noticed Crazy Yiuf
  1359 | D:2      | Killed Crazy Yiuf
  1468 | D:2      | HP: 1/26 [poisoned by an adder]
  1470 | D:2      | Succumbed to an adder's poison

Levels and vault maps discovered:
D:1:      shiori_shiawase, layout_basic, chequers_serial_rivers_marsh,
          ebering_dispersal_statue_hall
D:2:      layout_loops_ring, nicolae_ashenzari_panopticon,
          uniq_crazy_yiuf_cottage, uniq_terence, uniq_natasha

Skill      XL: |  1  2  3  4 |
---------------+-------------+-----
Armour         | 1 2 |  2.0
Long Blades    | 4 |  4.4
Stealth        | 1 |  1.2
Fighting       | |  2.3
Throwing       | |  2.0
Dodging        | |  3.9

Action                   |  1- 3 |  4- 6 || total
-------------------------+-------+-------++-------
Melee: Long sword        |    56 |    15 ||    71
       Peck              |    16 |     2 ||    18
       Kick              |    17 |     5 ||    22
Throw: Throwing net      |       |     1 ||     1
  Use: Potion            |       |     3 ||     3
       Scroll            |       |     2 ||     2
 Stab: Sleeping          |     3 |       ||     3
  Eat: Chunk             |       |     2 ||     2
       Ration            |       |     1 ||     1
Armor: Leather armour    |    13 |     3 ||    16
Dodge: Dodged            |    49 |     6 ||    55
       Rpst.: Long sword |    19 |     1 ||    20
